 Dungeon Crawl Stone Soup version 0.31-a0-521-gc7390f8997 (webtiles) character file.

Game seed: 4528911003644707725

387 cforsyth the Charlatan (level 6, 0/42 HPs)
             Began as a Gnoll Artificer on Aug 7, 2023.
             Slain by a gnoll
             ... wielding a +0 whip of electrocution
              (19 damage)
             ... on level 4 of the Dungeon on Aug 11, 2023.
             The game lasted 00:09:19 (4727 turns).

cforsyth the Charlatan (Gnoll Artificer)            Turns: 4727, Time: 00:09:20

Health: 0/42       AC: 10    Str: 12    XL:     6   Next: 78%
Magic:  18/18      EV:  7    Int: 12    God:
Gold:   178        SH:  0    Dex: 12    Spells: 9/9 levels left

rFire   . . .        s - +7 flail of Spores {vamp, Fly SInv}
rCold   . . .        (no shield)
rNeg    . . .        i - +1 chain mail
rPois   .            (no helmet)
rElec   .            (no cloak)
rCorr   .            (no gloves)
SInv    +            (no boots)
Will    .....        (no amulet) Stlth
                     m - ring of magical power
HPRegen 0.27/turn    (no ring)
MPRegen 0.16/turn

%: no passive effects
@: flying
A: fangs 1, strong nose, distributed training, frail 1
a: no special abilities


You were on level 4 of the Dungeon.
You visited 1 branch of the dungeon, and saw 4 of its levels.

You collected 178 gold pieces.

Inventory:

Hand Weapons
 a - a +0 club
 k - a +1 whip of venom
 s - the +7 flail of Spores (weapon) {vamp, Fly SInv}
   (You found it on level 4 of the Dungeon)

   SInv:      It lets you see invisible.
   Fly:       It grants you flight.
 u - a +1 war axe of venom
Armour
 b - a +0 leather armour
 i - a +1 chain mail (worn)
 q - a +0 chain mail
Jewellery
 m - a ring of magical power (left hand)
Wands
 c - a wand of flame (7) (quivered)
 d - a wand of charming (20)
 e - a wand of iceblast (4)
 l - a wand of mindburst (3)
Scrolls
 f - 3 scrolls of identify
 g - a scroll of torment {unknown}
 h - a scroll of blinking {unknown}
 j - 6 scrolls of enchant armour
 n - a scroll of poison {unknown}
 o - 2 scrolls of vulnerability {unknown}
 t - a scroll of teleportation {unknown}
Potions
 p - a potion of haste {unknown}
 r - 2 potions of invisibility
 v - 2 potions of heal wounds


   Skills:
 + Level 3.4 Fighting
 + Level 2.1 Short Blades
 + Level 2.1 Long Blades
 + Level 2.1 Axes
 + Level 2.1 Maces & Flails
 + Level 2.1 Polearms
 + Level 2.1 Staves
 + Level 2.1 Ranged Weapons
 + Level 2.1 Throwing
 + Level 5.1 Armour
 + Level 3.4 Dodging
 + Level 3.2 Stealth
 + Level 2.1 Shields
 + Level 2.1 Unarmed Combat
 + Level 2.1 Spellcasting
 + Level 1.7 Conjurations
 + Level 1.7 Hexes
 + Level 1.7 Summonings
 + Level 1.7 Necromancy
 + Level 1.7 Translocations
 + Level 1.7 Transmutations
 + Level 1.7 Fire Magic
 + Level 1.7 Ice Magic
 + Level 1.7 Air Magic
 + Level 1.7 Earth Magic
 + Level 1.7 Poison Magic
 + Level 2.4 Invocations
 + Level 6.9 Evocations
 + Level 1.7 Shapeshifting


You had 9 spell levels left.
You didn't know any spells.
Your spell library contained the following spells:

 Spells                   Type           Power      Damage    Failure   Level
 Shock                    Conj/Air       20%        1d4       95%         1
 Swiftness                Air            5%         N/A       100%        3
 Airstrike                Air            2%         2d(1-17)  100%        4
 Cause Fear               Hex            2%         N/A       100%        4
 Fireball                 Conj/Fire      2%         3d4       100%        5
 Dragon's Call            Summ           2%         N/A       100%        9


Dungeon Overview and Level Annotations

Branches:
Dungeon (4/15)
 Temple: D:4-7

Altars:
Cheibriados
Okawaru

Annotations:
D:2 Natasha
D:3 1 runed translucent door, Fodor's ghost, amateur MiFi
D:4 2 transporters, grantps's ghost, amateur GrEE


Innate Abilities, Weirdness & Mutations

You have very sharp teeth.
Your uncanny sense of smell can sniff out nearby items.
Your experience applies equally to all skills.
You are frail. (-10% HP)


Message History

You thump the goblin!
You kill the goblin!
The gnoll hits you from afar with a +0 spear!
The goblin attacks as you move away! The goblin completely misses you.
You sock the goblin!
You feel better.
You kill the goblin!
The gnoll closely misses you.
Things that are here:
a +0 club; a goblin corpse You hit the gnoll.
You bite the gnoll, but do no damage.
The gnoll is moderately wounded.
The gnoll barely misses you. The gnoll hits you but does no damage.
You sock the gnoll!
You feel better.
You kill the gnoll!
The gnoll hits you but does no damage. The gnoll barely misses you.
A gnoll comes into view.
It is wielding a +0 whip of electrocution.
The gnoll shouts!
The gnoll hits you but does no damage.
Things that are here:
a +0 spear; a +0 club; a goblin corpse You sock the gnoll!
The gnoll is heavily wounded.
The gnoll hits you but does no damage.
You sock the gnoll!
You kill the gnoll!
The gnoll closely misses you.
You hit the gnoll. Your bite misses the gnoll.
The gnoll is moderately wounded.
The gnoll hits you but does no damage.
You are electrocuted!
The gnoll hits you with a +0 whip of electrocution.
You are electrocuted!
You are too injured to fight recklessly!
You are too injured to fight recklessly!
You are too injured to fight recklessly!
You are too injured to fight recklessly!
You are too injured to fight recklessly!
You hit the gnoll.
You feel better.
Your punch misses the gnoll.
The gnoll is heavily wounded.
The gnoll hits you but does no damage.
You are electrocuted!!
You die...

#≈~~....#
#≈~.....#
#≈≈.....# .#
+g≈.....# .#
#≈≈.....# .#
#≈~.....# .#######
#≈~~..g)# ......
.# ##@# .#### #.#
###))#
.#######.####...##
..............###
......##..#####
#####.##..#
#.##.(# #.##..#
##.....#


You could see a gnoll and a goblin.

Vanquished Creatures
  A hound (D:4)
  An orc priest (D:4)
  Natasha (D:2)
  3 orc wizards (D:4)
  9 gnolls
  5 adders
  2 worms (D:4)
  2 dart slugs
  10 orcs
  7 endoplasms
  2 giant cockroaches
  9 goblins
  5 hobgoblins
  5 kobolds
  4 quokkas
  6 ball pythons
  A bat (D:2)
  3 frilled lizards
  5 rats
81 creatures vanquished.

Vanquished Creatures (collateral kills)
  An orc (D:3)
1 creature vanquished.

Vanquished Creatures (others)
  An adder (D:2)
  An orc (D:3)
2 creatures vanquished.

Grand Total: 84 creatures vanquished

Notes
Turn   | Place    | Note
-------+----------+-------------------------------------------
     0 | D:1      | cforsyth the Gnoll Artificer began the quest for the Orb.
     0 | D:1      | Reached XP level 1. HP: 17/17 MP: 1/1
  1006 | D:2      | Noticed Natasha
  1009 | D:2      | Killed Natasha
  1010 | D:2      | Reached XP level 2. HP: 23/23 MP: 1/3
  1010 | D:2      | Reached XP level 3. HP: 28/28 MP: 1/4
  1143 | D:2      | Reached skill level 1 in Invocations
  1405 | D:2      | Found an iron altar of Okawaru.
  1418 | D:2      | Noticed Natasha
  1490 | D:3      | Reached skill level 1 in Short Blades
  1490 | D:3      | Reached skill level 1 in Long Blades
  1490 | D:3      | Reached skill level 1 in Axes
  1490 | D:3      | Reached skill level 1 in Maces & Flails
  1490 | D:3      | Reached skill level 1 in Polearms
  1490 | D:3      | Reached skill level 1 in Staves
  1490 | D:3      | Reached skill level 1 in Ranged Weapons
  1490 | D:3      | Reached skill level 1 in Throwing
  1490 | D:3      | Reached skill level 1 in Shields
  1490 | D:3      | Reached skill level 1 in Unarmed Combat
  1490 | D:3      | Reached skill level 1 in Spellcasting
  1519 | D:3      | Reached XP level 4. HP: 20/34 MP: 5/5
  1759 | D:2      | Upgraded the game from 0.31-a0-486-g8d68a81214 to
                  | 0.31-a0-521-gc7390f8997
  2523 | D:3      | Found a runed translucent door.
  2528 | D:3      | Noticed Fodor's ghost (amateur MiFi)
  2528 | D:3      | Noticed a bullfrog
  2570 | D:4      | Reached skill level 1 in Conjurations
  2570 | D:4      | Reached skill level 1 in Hexes
  2570 | D:4      | Reached skill level 1 in Summonings
  2570 | D:4      | Reached skill level 1 in Necromancy
  2570 | D:4      | Reached skill level 1 in Translocations
  2570 | D:4      | Reached skill level 1 in Transmutations
  2570 | D:4      | Reached skill level 1 in Fire Magic
  2570 | D:4      | Reached skill level 1 in Ice Magic
  2570 | D:4      | Reached skill level 1 in Air Magic
  2570 | D:4      | Reached skill level 1 in Earth Magic
  2570 | D:4      | Reached skill level 1 in Poison Magic
  2570 | D:4      | Reached skill level 1 in Shapeshifting
  3143 | D:4      | Reached XP level 5. HP: 15/40 MP: 7/7
  3939 | D:3      | HP: 1/41 [gnoll/+1 whip of venom (3)]
  3943 | D:3      | Reached XP level 6. HP: 7/47 MP: 8/8
  3945 | D:3      | Gained mutation: You are partially covered in iridescent
                  | scales. (AC +2) [potion of mutation]
  3945 | D:3      | Lost mutation: You are partially covered in iridescent
                  | scales. (AC +2) [potion of mutation]
  3945 | D:3      | Gained mutation: You are frail. (-10% HP) [potion of
                  | mutation]
  4048 | D:4      | Found a snail-covered altar of Cheibriados.
  4104 | D:4      | Noticed grantps's ghost (amateur GrEE)
  4105 | D:4      | Found a transporter.
  4106 | D:4      | Found a transporter.
  4106 | D:4      | Identified the +2 dire flail of Big Damage {pain, *Slow rF+
                  | Int+3}
  4208 | D:4      | Reached skill level 5 in Armour
  4395 | D:4      | Identified the +7 flail of Spores {vamp, Fly SInv}
  4727 | D:4      | Slain by a gnoll

Illustrated notes

Levels and vault maps discovered:
D:1:      dpeg_arrival_boxorama, layout_loops_corners, chequers_avenue,
          minivault_14, minivault_5, chequers_serial_rivers_marsh,
          chequers_arboretum
D:2:      wander_river, layout_basic, basic_altar, uniq_natasha
D:3:      layout_loops_ring, ebering_ghost_sewer_d, minmay_misc_feat_five
D:4:      layout_loops_ring, slow_altar_1, gammafunk_ghost_smash,
          minmay_goblin_outpost

Skill      XL: |  1  2  3  4  5  6 |
---------------+-------------------+-----
Invocations    | 1 2 |  2.4
Short Blades   | 1 2 |  2.1
Long Blades    | 1 2 |  2.1
Axes           | 1 2 |  2.1
Maces & Flails | 1 2 |  2.1
Polearms       | 1 2 |  2.1
Staves         | 1 2 |  2.1
Ranged Weapons | 1 2 |  2.1
Throwing       | 1 2 |  2.1
Shields        | 1 2 |  2.1
Unarmed Combat | 1 2 |  2.1
Spellcasting   | 1 2 |  2.1
Conjurations   | 1 |  1.7
Hexes          | 1 |  1.7
Summonings     | 1 |  1.7
Necromancy     | 1 |  1.7
Translocations | 1 |  1.7
Transmutations | 1 |  1.7
Fire Magic     | 1 |  1.7
Ice Magic      | 1 |  1.7
Air Magic      | 1 |  1.7
Earth Magic    | 1 |  1.7
Poison Magic   | 1 |  1.7
Shapeshifting  | 1 |  1.7
Fighting       | 3 |  3.4
Dodging        | 3 |  3.4
Stealth        | 3 |  3.2
Armour         | 5 |  5.1
Evocations     | |  6.9

Action                     |  1- 3 |  4- 6 || total
---------------------------+-------+-------++-------
  Melee: Club              |   105 |    96 ||   201
         Bite              |     2 |    18 ||    20
         Punch             |     1 |     3 ||     4
         War axe           |       |    39 ||    39
         Whip              |       |    66 ||    66
         Flail             |       |    15 ||    15
  Evoke: Wand              |     6 |     5 ||    11
    Use: Scroll            |     2 |       ||     2
         Potion            |       |     7 ||     7
 Armour: Chain mail        |    83 |   184 ||   267
         Leather armour    |     2 |       ||     2
  Dodge: Dodged            |    46 |    94 ||   140

Table legend: (Time is in decaauts)
 A = Elapsed time spent in this place.
 B = Non-inter-level travel time spent in this place.
 C = Inter-level travel time spent in this place.
 D = Time resting spent in this place.
 E = Time spent auto-exploring this place.
 F = Levels seen in this place.
 G = Mean time per level.
                   A        B        C        D        E       F      G
               +--------+--------+--------+--------+--------+-----+--------+
         Total |   4831 |   4636 |    195 |   1103 |   2679 |   4 | 1207.8 |
       Dungeon |   4831 |   4636 |    195 |   1103 |   2679 |   4 | 1207.8 |
               +--------+--------+--------+--------+--------+-----+--------+

Top non-repeatable levels by time:
     D:4: 1671 daAuts
     D:3: 1255 daAuts
     D:1: 1015 daAuts
     D:2: 888 daAuts
